 Dungeon Crawl Stone Soup version 0.26.1-11-gd32895ea62 (webtiles) character file.

Game seed: 4508608764372652265

54 kodamatunes15 the Ruffian (level 3, -11/30 HPs)
             Began as a Ghoul Gladiator on May 21, 2021.
             Mangled by Sigmund
             ... wielding a +0 scythe
              (13 damage)
             ... on level 2 of the Dungeon.
             The game lasted 00:06:39 (1314 turns).

kodamatunes15 the Ruffian (Ghoul Gladiator)         Turns: 1314, Time: 00:06:39

Health: -11/30     AC:  9    Str: 17    XL:     3   Next: 91%
Magic:  2/2        EV:  7    Int:  4    God:
Gold:   62         SH:  0    Dex: 10    Spells: 2/2 levels left

rFire    . . .     SeeInvis .   n - +0 dagger
rCold    + . .     Faith    .   (no shield)
rNeg     + + +     Spirit   .   r - +0 chain mail
rPois    ∞         Reflect  .   b - +0 helmet
rElec    .         Harm     .   (no cloak)
rCorr    .         Rampage  .   (no gloves)
Will     .....                  (no boots)
Stlth    ..........             (no amulet)
HPRegen  0.00/turn              (no ring)
MPRegen  0.08/turn              (no ring)

@: no status effects
A: claws 1, cold resistance 1, negative energy resistance 3, inhibited
regeneration, torment resistance, unbreathing
a: no special abilities


You were on level 2 of the Dungeon.
You visited 1 branch of the dungeon, and saw 2 of its levels.

You collected 62 gold pieces.

Inventory:

Hand Weapons
 n - a +0 dagger (weapon)
Missiles
 c - 3 throwing nets (quivered)
Armour
 a - a +0 leather armour
 b - a +0 helmet (worn)
 q - a cursed +0 robe
 r - a +0 chain mail (worn)
Jewellery
 d - an uncursed amulet of the acrobat {unknown}
 e - an uncursed ring of resist corrosion
 o - an uncursed ring of willpower {unknown}
Scrolls
 f - 2 scrolls of remove curse
 j - a scroll of random uselessness
 k - 2 scrolls of teleportation {unknown}
 l - 2 scrolls of fear {unknown}
 p - a scroll of blinking {unknown}
 s - a scroll of fog {unknown}
 t - a scroll of amnesia {unknown}
Potions
 g - a potion of heal wounds {unknown}
 h - a potion of flight {unknown}
 i - a potion of curing {unknown}
 m - a potion of haste {unknown}


   Skills:
 + Level 2.4 Fighting
 + Level 1.9 Throwing
 + Level 0.7 Armour
 + Level 3.1 Dodging
 + Level 4.2 Unarmed Combat


You had 2 spell levels left.
You didn't know any spells.
Your spell library contained the following spells:

 Spells                   Type           Power        Failure   Level
 Magic Dart               Conj           0%           100%        1
 Blink                    Tloc           N/A          100%        2
 Call Imp                 Summ           0%           100%        2
 Slow                     Hex            0%           100%        2
 Conjure Flame            Conj/Fire      0%           100%        3
 Mephitic Cloud           Conj/Pois/Air  0%           100%        3


Dungeon Overview and Level Annotations

Branches:
Dungeon (2/15)

Altars:
Fedhas
Ru

Annotations:
D:2 Sigmund


Innate Abilities, Weirdness & Mutations

You thrive by killing the living.
You are immune to poison.
You have sharp fingernails.
Your flesh is cold resistant. (rC+)
You are immune to negative energy. (rN+++)
You do not regenerate when monsters are visible.
You are immune to unholy pain and torment.
You can survive without breathing.


Message History

Sigmund's eyes start glowing with a red light.
Sigmund hits you with a +0 scythe!
You hit Sigmund but do no damage. Sigmund hits you with a +0 scythe.
You barely miss Sigmund. You closely miss Sigmund.
Sigmund hits you with a +0 scythe!
* * * LOW HITPOINT WARNING * * *
You hit Sigmund.
Sigmund is lightly wounded.
Sigmund hits you with a +0 scythe!
* * * LOW HITPOINT WARNING * * *
You barely miss Sigmund.
Sigmund is lightly wounded.
You barely miss Sigmund.
Sigmund is lightly wounded.
Sigmund gestures at you while chanting.
The magic dart hits you but does no damage.
You closely miss Sigmund.
Sigmund is lightly wounded.
Sigmund hits you with a +0 scythe!
You die...

##.....................#.#
#.### .####.#.##..#.....#
#.... # #.##..##..#########.
#.##.....>..........
#...#.###.#########. ###.#.#
#.# ## #.#.# #.# #.#..
..#.#..# #@#######.#..# # #@#
....#....#.# #.. ...#..#.#.#
....##..#......###
........#.#....#..
########.#...##.#.#
............##.#.#
###########......#....
########.#...........##.###.#


You could see Sigmund.

Vanquished Creatures
  2 adders (D:2)
  2 dart slugs (D:1)
  A leopard gecko (D:1)
  A giant cockroach (D:1)
  3 goblins
  5 hobgoblins
  9 bats
  2 frilled lizards
  2 kobolds (D:1)
  7 rats (D:1)
34 creatures vanquished.

Notes
Turn   | Place    | Note
-------+----------+-------------------------------------------
     0 | D:1      | kodamatunes15 the Ghoul Gladiator began the quest for the
                  | Orb.
     0 | D:1      | Reached XP level 1. HP: 17/17 MP: 0/0
   154 | D:1      | Reached XP level 2. HP: 23/24 MP: 1/1
   509 | D:1      | Reached skill level 4 in Unarmed Combat
   513 | D:1      | Reached XP level 3. HP: 24/29 MP: 2/2
   537 | D:1      | Found a blossoming altar of Fedhas.
   867 | D:2      | Found a sacrificial altar of Ru.
  1304 | D:2      | Noticed Sigmund
  1314 | D:2      | Mangled by Sigmund

Illustrated notes

Levels and vault maps discovered:
D:1:      minmay_arrival_cross, layout_basic, serial_rivers,
          chequers_serial_rivers_small_b, chequers_serial_rivers_small_3,
          chequers_serial_rivers_micro_a, chequers_serial_rivers_micro_d,
          chequers_serial_rivers_marsh, chequers_serial_rivers_large_a,
          minmay_hexomino_r4
D:2:      layout_basic, nicolae_ru_sacrificial_ziggurat, uniq_sigmund

Skill      XL: |  1  2  3 |
---------------+----------+-----
Unarmed Combat | 4 |  4.2
Dodging        | 3 |  3.1
Fighting       | |  2.4
Throwing       | |  1.9
Armour         | |  0.7

Action                   || total
-------------------------++-------
Melee: Unarmed           ||    63
       Dagger            ||    63
  Use: Scroll            ||     3
Armor: Leather armour    ||    30
       Chain mail        ||    31
Dodge: Dodged            ||    98
